 Dungeon Crawl Stone Soup version 0.29-a0-23-ga79f92ac9c (webtiles) character file.

Game seed: 7190720114074237237

2249 arthad the Magician (level 9, -14/62 HPs)
             Began as a Gnoll Warper on Jan 31, 2022.
             Was an Elder of Hepliaklqana.
             Killed by the air
             ... invoked by Gastronok
              (21 damage)
             ... on level 8 of the Dungeon.
             The game lasted 00:19:02 (6497 turns).

arthad the Magician (Gnoll Warper)                  Turns: 6497, Time: 00:19:03

Health: -14/62     AC: 11    Str: 13 (14) XL:     9   Next: 37%
Magic:  0/9        EV: 13    Int: 14 (17) God:    Hepliaklqana [****..]
Gold:   177        SH:  0    Dex:  9 (12) Spells: 5/21 levels left

rFire   + + .      SeeInvis .   y - +7 hand axe of Tyab {antimagic, rF++ rC+ Int+4 Stlth+}
rCold   + + .      Faith    .   (no shield)
rNeg    + . .      Spirit   +   o - +3 leather armour {rN+}
rPois   .          Reflect  .   p - +1 helmet
rElec   .          Harm     .   r - +0 cloak
rCorr   .          Rampage  .   l - +0 pair of gloves
Will    .....                   (no boots)
Stlth   +++.......              j - amulet of guardian spirit
HPRegen 0.20/turn               g - ring of protection from cold
MPRegen 0.11/turn               O - ring of magical power

@: attractive, slowed, very slow
A: reduced essence, fangs 1, strong nose, distributed training
a: Renounce Religion, Recall Ancestor, Ancestor Identity, Transference, Idealise


You were on level 8 of the Dungeon.
You worshipped Hepliaklqana.
Hepliaklqana was greatly pleased with you.
You visited 1 branch of the dungeon, and saw 8 of its levels.

You collected 389 gold pieces.
You spent 212 gold pieces at shops.

Inventory:

Hand Weapons
 a - a +0 spear
 f - a +0 dagger of electrocution
 m - a +2 rapier of speed
 v - a +2 quarterstaff of chaos
 w - a +4 mace
 y - the +7 hand axe of Tyab (weapon) {antimagic, rF++ rC+ Int+4 Stlth+}
   (You took it off a kobold on level 4 of the Dungeon)

   It reduces the magical energy of the wielder, and disrupts the spells and
   magical abilities of those it strikes.
   Natural abilities and divine invocations are not affected.
   Int:       It affects your intelligence (+4).
   rF:        It greatly protects you from fire.
   rC:        It protects you from cold.
   Stlth:     It makes you more stealthy.
 G - the +9 war axe of Doom {vorpal, rF- Int+4 Dex+4}
   (You bought it in a shop on level 3 of the Dungeon)

   It inflicts extra damage upon your enemies.
   Int:       It affects your intelligence (+4).
   Dex:       It affects your dexterity (+4).
   rF:        It makes you vulnerable to fire.
 I - a +1 hand axe of flaming
Missiles
 d - 5 boomerangs of dispersal (quivered)
 t - a boomerang
Armour
 b - a +0 leather armour
 l - a +0 pair of gloves (worn)
 o - a +3 leather armour of positive energy (worn)
 p - a +1 helmet (worn)
 r - a +0 cloak (worn)
 H - the +1 leather armour "Feamis" {Str+3}
   (You found it on level 5 of the Dungeon)

   Str:       It affects your strength (+3).
Jewellery
 g - a ring of protection from cold (left hand)
 h - an amulet of faith
 j - an amulet of guardian spirit (around neck)
 N - a +6 ring of dexterity
 O - a ring of magical power (right hand)
Wands
 k - a wand of paralysis (13)
 s - a wand of mindburst (13)
 u - a wand of charming (5)
 x - a wand of acid (12)
 F - a wand of iceblast (18)
Scrolls
 c - 3 scrolls of blinking
 e - 2 scrolls of amnesia
 n - 4 scrolls of identify {unknown}
 q - a scroll of torment {unknown}
 J - a scroll of enchant armour {unknown}
 L - a scroll of teleportation {unknown}
 M - a scroll of summoning {unknown}
 P - a scroll of immolation {unknown}
Potions
 i - a potion of flight
 A - a potion of degeneration
 D - a potion of berserk rage {unknown}
 E - a potion of curing
 K - a potion of mutation {unknown}


   Skills:
 + Level 6.3 Fighting
 + Level 4.2 Short Blades
 + Level 4.2 Long Blades
 + Level 4.2 Axes
 + Level 4.2 Maces & Flails
 + Level 6.3 Polearms
 + Level 4.2 Staves
 + Level 4.2 Slings
 + Level 4.2 Bows
 + Level 4.2 Crossbows
 + Level 5.0 Throwing
 + Level 5.0 Armour
 + Level 6.3 Dodging
 + Level 4.2 Stealth
 + Level 4.2 Shields
 + Level 4.2 Unarmed Combat
 + Level 6.6 Spellcasting
 + Level 3.4 Conjurations
 + Level 3.4 Hexes
 + Level 3.4 Summonings
 + Level 3.4 Necromancy
 + Level 6.5 Translocations
 + Level 3.4 Transmutations
 + Level 3.4 Fire Magic
 + Level 3.4 Ice Magic
 + Level 3.4 Air Magic
 + Level 3.4 Earth Magic
 + Level 3.4 Poison Magic
 + Level 4.6 Invocations
 + Level 4.2 Evocations


You had 5 spell levels left.
You knew the following spells:

 Your Spells              Type           Power      Damage    Failure   Level
a - Blink                 Tloc           44%        N/A       1%          2
b - Gell's Gravitas       Tloc           22%        N/A       3%          3
c - Lesser Beckoning      Tloc           22%        N/A       3%          3
d - Teleport Other        Tloc           22%        N/A       3%          3
e - Manifold Assault      Tloc           22%        N/A       34%         5

Your spell library contained the following spells:

 Spells                   Type           Power      Damage    Failure   Level
 Airstrike                Air            7%         N/A       41%         4
 Summon Lightning Spire   Summ/Air       14%        N/A       41%         4
 Lightning Bolt           Conj/Air       7%         1d19      77%         5
 Storm Form               Tmut/Air       7%         N/A       100%        7


Dungeon Overview and Level Annotations

Branches:
Dungeon (8/15)             Temple (0/1) D:4
   Lair: D:8-11

Altars:
Hepliaklqana
Okawaru
Qazlal
The Shining One

Shops:
D:3 (   D:5 (

Annotations:
D:8 Gastronok


Innate Abilities, Weirdness & Mutations

Your life essence is reduced to manifest your ancestor. (-10% HP)
You have very sharp teeth.
Your uncanny sense of smell can sniff out nearby items.
Your experience applies equally to all skills.


Message History

You bite Gastronok, but do no damage.
Gastronok is heavily wounded.
Gastronok falters for a moment.
Okay, then.
Okay, then.
Aiming: Paralyse
Press: ? - help, Shift-Dir - straight line, f - Gastronok
Aim: Gastronok, wearing the +3 hat of Pondering {ponderous, Will+ MP+10 Int+5} (heavily wounded, covering ground quickly, ally target, magic disrupted, chance to affect: 0%)
Okay, then.
Aiming: Corrosive Bolt
Press: ? - help, Shift-Dir - straight line, f - Gastronok
Aim: Gastronok, wearing the +3 hat of Pondering {ponderous, Will+ MP+10 Int+5} (heavily wounded, covering ground quickly, ally target, magic disrupted, 100% to hit)
The bolt of acid hits Gastronok!
The acid corrodes Gastronok!
Gastronok is heavily wounded.
Unknown command.
Aiming: Corrosive Bolt
Press: ? - help, Shift-Dir - straight line, f/p - Gastronok
Aim: Gastronok, wearing the +3 hat of Pondering {ponderous, Will+ MP+10 Int+5} (heavily wounded, covering ground quickly, covered in acid, ally target, magic disrupted, 100% to hit)
The bolt of acid hits Gastronok!!
Gastronok is severely wounded.
Gastronok bites you!
* * * LOW HITPOINT WARNING * * *
Unknown command.
You hit Gastronok.
Gastronok's magic leaks into the air.
Gastronok is severely wounded.
Gastronok is no longer covered in acid.
Gastronok barely misses you.
You hit Gastronok.
Gastronok's magic leaks into the air.
Gastronok is severely wounded.
Charlie casts a spell at Gastronok.
Gastronok resists with almost no effort.
Gastronok barely misses you.
You slash Gastronok!
Gastronok's magic leaks into the air.
Gastronok is severely wounded.
Gastronok misses you.
You slash Gastronok!
Gastronok's magic leaks into the air.
You bite Gastronok, but do no damage.
Gastronok is almost dead.
Gastronok waves his eye-stalks in wide circles.
The air twists around and strikes you!!
You die...

#.#
#.#
#.#
#.#
#.# ∆
####.#
#....#
#R####
#@#
#w#
#.#
...
#.#
.#. #
#


You could see the friendly Charlie the hexer and Gastronok (swift, ally target,
magic disrupted).

Vanquished Creatures
  Pikel (D:5)
  A water moccasin (D:7)
  An ice beast (D:4)
  A sky beast (D:6)
  A black bear (D:6)
  A centaur (D:5)
  3 lemures (D:5)
  A phantom (D:6)
  2 bullfrogs
  2 scorpions
  A water moccasin skeleton (D:5)
  A bullfrog zombie (D:6)
  A jelly (D:5)
  Crazy Yiuf (D:3)
  A hound (D:6)
  A centaur skeleton (D:7)
  An iguana (D:5)
  Ijyb (D:3)
  A scorpion zombie (D:5)
  An orc wizard (D:4)
  A hound zombie (D:5)
  2 adders
  3 gnolls (D:4)
  A shadow imp (D:8)
  2 white imps
  2 worms
  3 dart slugs
  11 orcs
  9 endoplasms
  5 giant cockroaches
  3 goblins
  2 hobgoblins (D:1)
  8 jackals
  3 quokkas
  A ball python (D:3)
  5 bats
  A frilled lizard (D:3)
  16 kobolds
  8 rats
110 creatures vanquished.

Vanquished Creatures (collateral kills)
  Eustachio (D:5)
  A steam dragon (D:6)
  An ice beast (D:6)
  A kobold brigand (D:8)
  A scorpion (D:6)
  2 iguanas (D:6)
  An adder (D:6)
  An ufetubus (D:5)
  An adder skeleton (D:4)
  3 orcs (D:3)
  3 endoplasms
  2 giant cockroaches
  A goblin (D:4)
  A jackal (D:4)
  2 quokkas
  A bat (D:3)
  A frilled lizard (D:3)
  4 kobolds
  A rat (D:3)
29 creatures vanquished.

Vanquished Creatures (others)
  3 hexers
3 creatures vanquished.

Grand Total: 142 creatures vanquished

Notes
Turn   | Place    | Note
-------+----------+-------------------------------------------
     0 | D:1      | arthad the Gnoll Warper began the quest for the Orb.
     0 | D:1      | Reached XP level 1. HP: 20/20 MP: 6/6
    52 | D:1      | Found a faded altar of an unknown god.
    68 | D:1      | Prayed at the altar of an unknown god.
    68 | D:1      | Became a worshipper of Hepliaklqana the Forgotten
    68 | D:1      | Reached * piety under Hepliaklqana
   103 | D:1      | Reached XP level 2. HP: 15/23 MP: 7/7
   794 | D:1      | Reached XP level 3. HP: 27/27 MP: 9/9
   940 | D:1      | Reached skill level 5 in Spellcasting
  1537 | D:2      | Reached skill level 1 in Invocations
  1776 | D:2      | Reached skill level 1 in Short Blades
  1776 | D:2      | Reached skill level 1 in Long Blades
  1776 | D:2      | Reached skill level 1 in Axes
  1776 | D:2      | Reached skill level 1 in Maces & Flails
  1776 | D:2      | Reached skill level 1 in Staves
  1776 | D:2      | Reached skill level 1 in Slings
  1776 | D:2      | Reached skill level 1 in Bows
  1776 | D:2      | Reached skill level 1 in Crossbows
  1776 | D:2      | Reached skill level 1 in Stealth
  1776 | D:2      | Reached skill level 1 in Shields
  1776 | D:2      | Reached skill level 1 in Unarmed Combat
  1776 | D:2      | Reached skill level 1 in Evocations
  1923 | D:2      | Found a glowing golden altar of the Shining One.
  2101 | D:3      | Reached XP level 4. HP: 34/34 MP: 11/11
  2137 | D:3      | Reached ** piety under Hepliaklqana
  2139 | D:3      | Remembered your ancestor Charlie as a hexer
  2314 | D:3      | Found Cini's Antique Weapon Boutique.
  2553 | D:3      | Reached skill level 1 in Conjurations
  2553 | D:3      | Reached skill level 1 in Hexes
  2553 | D:3      | Reached skill level 1 in Summonings
  2553 | D:3      | Reached skill level 1 in Necromancy
  2553 | D:3      | Reached skill level 1 in Transmutations
  2553 | D:3      | Reached skill level 1 in Fire Magic
  2553 | D:3      | Reached skill level 1 in Ice Magic
  2553 | D:3      | Reached skill level 1 in Air Magic
  2553 | D:3      | Reached skill level 1 in Earth Magic
  2553 | D:3      | Reached skill level 1 in Poison Magic
  2681 | D:3      | Noticed Ijyb
  2696 | D:3      | Killed Ijyb
  2697 | D:3      | Reached XP level 5. HP: 38/38 MP: 12/12
  2720 | D:3      | Found a runed translucent door.
  2721 | D:3      | Noticed Crazy Yiuf
  2810 | D:3      | Killed Crazy Yiuf
  3112 | D:4      | Found a staircase to the Ecumenical Temple.
  3168 | D:4      | Reached XP level 6. HP: 24/45 MP: 8/13
  3367 | D:4      | Identified the +7 hand axe of Tyab {antimagic, rF++ rC+
                  | Int+4 Stlth+}
  3388 | D:4      | Learned a level 2 spell: Blink
  3392 | D:4      | Learned a level 3 spell: Gell's Gravitas
  3396 | D:4      | Learned a level 3 spell: Lesser Beckoning
  3400 | D:4      | Learned a level 3 spell: Teleport Other
  3629 | D:4      | Reached skill level 5 in Fighting
  3629 | D:4      | Reached skill level 5 in Polearms
  3629 | D:4      | Reached skill level 5 in Dodging
  3700 | D:4      | Noticed an ice beast
  3713 | D:4      | Killed an ice beast
  3880 | D:5      | Entered Level 5 of the Dungeon
  3919 | D:5      | Reached XP level 7. HP: 36/50 MP: 3/15
  4028 | D:5      | Found Muext's Weapon Shoppe.
  4039 | D:5      | Noticed Eustachio
  4055 | D:5      | Killed Eustachio
  4246 | D:5      | Reached *** piety under Hepliaklqana
  4525 | D:3      | Bought a crystal war axe for 212 gold pieces
  4525 | D:3      | Identified the +9 war axe of Doom {vorpal, rF- Int+4 Dex+4}
                  | (You bought it in a shop on level 3 of the Dungeon)
  4586 | D:5      | Noticed Pikel
  4624 | D:5      | Killed Pikel
  4625 | D:5      | Reached XP level 8. HP: 53/57 MP: 5/17
  4725 | D:5      | Identified the +1 leather armour "Feamis" {Str+3}
  4885 | D:5      | Found an iron altar of Okawaru.
  4885 | D:5      | Found a stormy altar of Qazlal.
  5370 | D:6      | Reached XP level 9. HP: 62/62 MP: 6/18
  5582 | D:6      | Learned a level 5 spell: Manifold Assault
  6095 | D:7      | Reached **** piety under Hepliaklqana
  6431 | D:8      | Reached skill level 5 in Throwing
  6431 | D:8      | Reached skill level 5 in Armour
  6470 | D:8      | Noticed Gastronok
  6497 | D:8      | Killed from afar by Gastronok

Illustrated notes

Levels and vault maps discovered:
D:1:      saegor_arrival_simple_d, layout_basic, ebering_ecumenical_altar_box
D:2:      layout_basic, basic_altar
D:3:      layout_basic, serial_shops, shop_statue, minmay_misc_feat_nine_boxes,
          uniq_ijyb, uniq_crazy_yiuf_cottage
D:4:      layout_basic, temple_fountains, st_stairs_6
D:5:      layout_gridville, gammafunk_temple_overflow_elements, serial_shops,
          shop, st_stairs_9, minmay_increasing_density, uniq_eustachio,
          uniq_pikel
D:6:      layout_basic
D:7:      layout_loops_ring
D:8:      layout_loops_ring, uniq_gastronok, uniq_grum

Skill      XL: |  1  2  3  4  5  6  7  8  9 |
---------------+----------------------------+-----
Spellcasting   | 5 6 |  6.6
Invocations    | 1 2 3 4 |  4.6
Short Blades   | 1 2 3 4 |  4.2
Long Blades    | 1 2 3 4 |  4.2
Axes           | 1 2 3 4 |  4.2
Maces & Flails | 1 2 3 4 |  4.2
Staves         | 1 2 3 4 |  4.2
Slings         | 1 2 3 4 |  4.2
Bows           | 1 2 3 4 |  4.2
Crossbows      | 1 2 3 4 |  4.2
Stealth        | 1 2 3 4 |  4.2
Shields        | 1 2 3 4 |  4.2
Unarmed Combat | 1 2 3 4 |  4.2
Evocations     | 1 2 3 4 |  4.2
Conjurations   | 1 2 3 |  3.4
Hexes          | 1 2 3 |  3.4
Summonings     | 1 2 3 |  3.4
Necromancy     | 1 2 3 |  3.4
Transmutations | 1 2 3 |  3.4
Fire Magic     | 1 2 3 |  3.4
Ice Magic      | 1 2 3 |  3.4
Air Magic      | 1 2 3 |  3.4
Earth Magic    | 1 2 3 |  3.4
Poison Magic   | 1 2 3 |  3.4
Throwing       | 3 4 5 |  5.0
Armour         | 3 4 5 |  5.0
Fighting       | 5 6 |  6.3
Polearms       | 5 6 |  6.3
Dodging        | 5 6 |  6.3
Translocations | 6 |  6.5

Action                   |  1- 3 |  4- 6 |  7- 9 || total
-------------------------+-------+-------+-------++-------
Melee: Spear             |   145 |   169 |       ||   314
       Bite              |    17 |    17 |    24 ||    58
       Punch             |     2 |     3 |     3 ||     8
       Hand axe          |       |    27 |   171 ||   198
Invok: Recall Ancestor   |     1 |       |       ||     1
       Ancestor Identity |     1 |       |       ||     1
       Ancestor Life: He |       |     1 |       ||     1
Evoke: Wand              |       |     1 |     3 ||     4
  Use: Potion            |       |       |     8 ||     8
       Scroll            |       |       |     3 ||     3
 Stab: Sleeping          |     1 |     4 |    10 ||    15
       Distracted        |       |     1 |     1 ||     2
       Paralysed         |       |    10 |     1 ||    11
       Confused          |       |     1 |     6 ||     7
Armor: Leather armour    |    13 |    57 |    65 ||   135
Dodge: Dodged            |    57 |   103 |   109 ||   269

Table legend: (Time is in decaauts)
 A = Elapsed time spent in this place.
 B = Non-inter-level travel time spent in this place.
 C = Inter-level travel time spent in this place.
 D = Time resting spent in this place.
 E = Time spent auto-exploring this place.
 F = Levels seen in this place.
 G = Mean time per level.
                   A        B        C        D        E       F      G
               +--------+--------+--------+--------+--------+-----+--------+
         Total |   6491 |   6117 |    374 |      0 |   5024 |   8 |  811.4 |
       Dungeon |   6491 |   6117 |    374 |      0 |   5024 |   8 |  811.4 |
               +--------+--------+--------+--------+--------+-----+--------+

Top non-repeatable levels by time:
     D:1: 1317 daAuts
     D:4: 1040 daAuts
     D:5: 990 daAuts
     D:3: 847 daAuts
     D:6: 781 daAuts
     D:7: 707 daAuts
     D:2: 702 daAuts
     D:8: 104 daAuts
